Map: Ever Dream LE

Players

pain - Winner!

  • Race: Protoss Protoss
  • League: Gold
  • Spawn Location: 1:00

Massa

  • Race: Terran Terran
  • League: Gold
  • Spawn Location: 7:00

VOD

Have the link to the VOD?

Description

Time

  • Played on: May 27, 2020, 1:20 p.m.
  • Length: 20:05
Show
View Real Time Build Order
Export as new Build Order

pain Protoss - Winner!

Build Orders: Carriers 

Get SALT Encoding   

  12  0:09  Pylon  
  12  0:14  Probe (Chrono Boost)  
  13  0:21  Probe (Chrono Boost)  
  14  0:34  Gateway  
  14  0:37  Probe  
  15  0:53  Probe  
  16  1:00  Assimilator  
  16  1:06  Probe  
  17  1:18  Probe  
  17  1:23  Pylon  
  17  1:30  Probe  
  18  1:38  Zealot  
  20  1:46  Cybernetics Core  
  20  1:50  Gateway  
  20  1:51  Probe  
  21  2:02  Forge  
  21  2:03  Probe  
  22  2:16  Probe  
  23  2:36  Nexus  
  22  2:39  Probe  
  22  2:43  Warp Gate (Chrono Boost)  
  23  2:46  Stalker  
  25  2:51  Probe  
  26  2:58  Assimilator  
  26  3:03  Probe  
  27  3:08  Sentry  
  29  3:24  Probe  
  30  3:39  Pylon  
  30  3:44  Photon Cannon  
  30  3:45  Photon Cannon  
  30  3:47  Probe  
  31  3:53  Gateway  
  31  3:56  Stalker (Chrono Boost)  
  31  3:59  Probe  
  34  4:03  Probe  
  35  4:14  Pylon  
  35  4:17  Probe  
  35  4:18  Probe  
  35  4:23  Stalker  
  39  4:33  Stalker  
  41  4:39  Stalker  
  41  4:44  Protoss Ground Weapons Level 1  
  43  4:46  Probe x2  
  43  4:47  Twilight Council  
  45  4:59  Probe x2  
  47  5:05  Stalker x2  
  51  5:12  Photon Cannon  
  51  5:13  Probe  
  51  5:14  Probe  
  53  5:24  Blink (Chrono Boost)  
  53  5:34  Stalker x3  
  59  5:43  Probe x2  
  61  5:54  Gateway  
  61  5:55  Probe  
  62  5:57  Robotics Facility  
  62  6:03  Pylon  
  62  6:12  Probe  
  61  6:23  Stalker x3  
  67  6:51  Zealot  
  69  7:00  Pylon  
  69  7:01  Observer (Chrono Boost)  
  69  7:02  Pylon  
  70  7:09  Pylon  
  70  7:12  Pylon  
  70  7:15  Pylon  
  70  7:17  Assimilator  
  70  7:20  Assimilator  
  70  7:22  Probe x2  
  72  7:30  Nexus  
  72  7:32  Assimilator  
  72  7:37  Assimilator  
  72  7:40  Pylon  
  72  7:44  Pylon, Stalker x3  
  72  7:45  Stalker  
  72  7:48  Pylon  
  72  7:51  Observer (Chrono Boost)  
  81  7:53  Pylon  
  81  8:02  Templar Archives  
  81  8:08  Probe x2  
  84  8:13  Observer  
  84  8:20  Zealot  
  84  8:21  Charge (Chrono Boost), Zealot x3  
  92  8:50  Gateway  
  92  8:52  Gateway, Nexus  
  92  8:54  Assimilator, Protoss Ground Armor Level 1 (Chrono Boost)  
  92  8:55  Gateway  
  92  8:58  Probe x2  
  92  8:59  Probe, Assimilator  
  95  9:02  Pylon  
  95  9:05  Zealot, Pylon  
  95  9:06  Zealot x2  
  95  9:07  Pylon  
  95  9:09  Pylon  
  101  9:14  Psionic Storm  
  101  9:23  Observer  
  102  9:29  Probe  
  102  9:30  Probe x2  
  105  9:32  Stalker  
  105  9:33  Stalker x2  
  111  9:54  Warp Prism (Chrono Boost)  
  113  10:06  Stalker x5  
  123  10:39  Stalker x4  
  131  11:13  High Templar x3  
  131  11:14  High Templar x4  
  131  11:18  Probe x4  
  147  11:24  Photon Cannon, Protoss Ground Weapons Level 2 (Chrono Boost)  
  147  11:25  Photon Cannon  
  149  11:29  Photon Cannon  
  149  11:30  Probe x3  
  152  11:35  Photon Cannon  
  152  11:36  Photon Cannon  
  152  11:39  Photon Cannon  
  152  11:42  Photon Cannon  
  152  11:54  Photon Cannon  
  152  11:56  Zealot  
  152  11:57  Photon Cannon x2, Zealot x2  
  152  11:59  Photon Cannon  
  158  12:01  Photon Cannon  
  152  12:23  Zealot  
  152  12:24  Zealot x6  
  142  13:04  Zealot x5  
  132  13:15  High Templar x2  
  132  13:19  Immortal (Chrono Boost)  
  140  13:32  Stargate  
  140  13:33  Probe x2  
  140  13:34  Probe x2, Stargate  
  144  13:35  Stargate  
  144  13:38  Zealot x5  
  154  13:41  Stargate  
  96  14:49  Archon x2  
  78  15:09  Zealot x5  
  78  15:10  Zealot x2  
  78  15:13  Probe x3  
  78  15:14  Probe  
  92  15:29  Protoss Ground Weapons Level 3 (Chrono Boost)  
  92  15:33  Fleet Beacon  
  92  15:47  Cybernetics Core  
  92  15:59  High Templar x5  
  92  16:00  High Templar x2  
  106  16:05  Archon x3  
  106  16:07  Nexus  
  106  16:09  Assimilator  
  106  16:15  Photon Cannon, Assimilator  
  106  16:17  Photon Cannon, Pylon  
  106  16:18  Photon Cannon  
  106  16:19  Carrier x3, Pylon  
  106  16:20  Photon Cannon, Carrier  
  106  16:23  Photon Cannon  
  106  16:24  Pylon  
  130  16:27  Probe x4  
  134  16:34  Protoss Air Armor Level 1 (Chrono Boost)  
  134  16:35  Protoss Air Weapons Level 1 (Chrono Boost)  
  134  16:40  High Templar x6  
  134  16:41  High Templar  
  148  16:48  Archon x2  
  148  16:49  Archon  
  148  16:50  Archon  
  148  16:55  Probe x3  
  148  16:56  Probe  
  152  17:20  Stalker x4  
  152  17:21  Stalker  
  162  17:29  Carrier x3  
  180  17:37  Probe x3  
  180  17:38  Probe  
  180  17:39  Probe  
  185  17:54  Zealot x6  
  185  17:56  Nexus  
  185  17:57  Pylon  
  197  17:59  Pylon  
  197  18:01  Pylon  
  197  18:03  Pylon  
  197  18:07  Unknown  
  197  18:29  Probe x3  
  168  19:36  Probe x3  
  171  19:42  Probe x2  
Show
View Real Time Build Order
Export as new Build Order

Massa Terran 

Build Orders:  

Get SALT Encoding   

  12  0:10  Supply Depot  
  12  0:13  SCV  
  13  0:26  SCV  
  14  0:36  Barracks  
  14  0:39  SCV  
  15  0:51  SCV  
  16  1:05  Supply Depot  
  16  1:12  SCV  
  16  1:18  Refinery  
  17  1:24  SCV  
  17  1:25  Barracks, Marine  
  19  1:36  SCV  
  20  1:48  SCV  
  21  1:57  Marine  
  22  2:03  Orbital Command  
  22  2:09  Refinery  
  22  2:12  Engineering Bay  
  22  2:15  Marine  
  23  2:21  Barracks Tech Lab  
  23  2:33  Marine  
  24  2:44  Terran Infantry Weapons Level 1  
  24  2:50  Marine  
  25  3:01  Command Center  
  25  3:06  Missile Turret  
  25  3:11  Factory  
  25  3:27  Missile Turret  
  25  3:30  Marauder  
  25  3:32  Barracks Reactor  
  27  3:39  SCV  
  28  3:50  Missile Turret  
  28  3:52  SCV  
  29  4:04  SCV  
  29  4:06  Sensor Tower  
  29  4:09  Factory Tech Lab  
  30  4:16  SCV  
  31  4:18  Starport  
  31  4:28  SCV  
  32  4:40  SCV, Marauder, Marine  
  32  4:41  Supply Depot  
  36  4:52  Terran Infantry Armor Level 1  
  36  4:59  Barracks  
  36  5:01  Medivac  
  36  5:04  Supply Depot  
  38  5:07  SCV  
  38  5:11  SCV  
  40  5:19  SCV  
  40  5:21  Siege Tank  
  44  5:24  SCV  
  45  5:31  Bunker  
  45  5:34  Marine  
  45  5:35  Marine  
  47  5:49  Missile Turret  
  47  5:53  SCV  
  48  5:58  Barracks Reactor  
  48  6:00  Marauder, Marine x2  
  52  6:05  SCV  
  53  6:14  Missile Turret  
  53  6:17  Siege Tank  
  53  6:18  Marine  
  57  6:22  Marauder  
  57  6:24  Planetary Fortress  
  59  6:29  Marine  
  60  6:36  Marine  
  61  6:42  Missile Turret  
  61  6:44  Missile Turret  
  61  6:51  Supply Depot  
  61  7:05  Marine  
  62  7:13  Marauder, Marine x3, Supply Depot, Siege Tank  
  70  7:16  Supply Depot  
  70  7:18  Supply Depot  
  70  7:25  Combat Shield  
  70  7:35  Marauder  
  70  7:36  Supply Depot  
  72  7:37  Refinery x2  
  72  7:52  Armory  
  72  7:57  Marauder, Missile Turret  
  72  7:58  Medivac  
  76  8:13  Marine x2  
  76  8:14  Marine x2  
  76  8:18  Marauder  
  82  8:30  Sensor Tower  
  82  8:31  Marine x2  
  82  8:32  Marine  
  85  8:35  SCV  
  85  8:37  SCV  
  85  8:39  Marauder  
  89  8:45  Stimpack  
  89  8:47  SCV  
  90  8:49  SCV, Terran Infantry Weapons Level 2  
  91  8:59  SCV  
  91  9:01  SCV, Marauder  
  95  9:11  SCV  
  95  9:13  SCV  
  95  9:14  Missile Turret  
  97  9:21  Terran Vehicle Weapons Level 1  
  97  9:23  SCV, Medivac  
  100  9:25  SCV  
  101  9:35  Supply Depot  
  101  9:47  Command Center  
  101  9:57  Medivac  
  101  9:58  Supply Depot  
  103  10:18  Siege Tank  
  103  10:20  Supply Depot  
  106  10:22  Starport  
  106  10:25  Concussive Shells  
  106  10:34  Barracks  
  106  10:42  Supply Depot  
  106  10:50  Factory  
  106  11:00  Marine  
  106  11:01  Marauder  
  109  11:04  Terran Infantry Armor Level 2  
  109  11:08  Siege Tank  
  112  11:22  Barracks, Marauder, Sensor Tower  
  114  11:26  SCV  
  114  11:27  SCV  
  116  11:38  SCV  
  116  11:39  Barracks Reactor, SCV  
  118  11:43  Marauder, Marine x3  
  118  11:44  Marine  
  124  11:50  SCV  
  124  11:51  SCV  
  126  12:01  Marine x4  
  126  12:03  SCV x2  
  126  12:05  Marauder  
  134  12:09  Planetary Fortress  
  128  12:19  Marine x4  
  128  12:22  Sensor Tower  
  130  12:26  Marauder  
  130  12:27  SCV  
  130  12:28  SCV  
  134  12:34  Refinery  
  134  12:36  Marine  
  135  12:37  Marine x2  
  135  12:38  Sensor Tower  
  135  12:40  SCV x2  
  139  12:44  Terran Vehicle And Ship Armor Level 1  
  137  12:52  SCV x2  
  139  13:04  SCV x2  
  141  13:21  Terran Infantry Weapons Level 3  
  141  13:25  Smart Servos  
  141  13:27  Thor  
  147  13:42  Command Center  
  73  14:10  Thor  
  73  14:13  Marauder, Marine x6  
  86  14:19  Factory Tech Lab  
  85  14:24  Barracks Reactor  
  85  14:27  Barracks  
  85  14:29  Command Center  
  85  14:31  Bunker, Marine x6  
  86  14:34  Marauder  
  86  14:35  Bunker  
  88  14:41  Thor  
  77  14:53  Marine, Thor  
  77  14:54  Marine x5  
  77  14:56  Marauder  
  91  15:11  Marine  
  92  15:17  Marauder  
  94  15:22  Medivac  
  94  15:24  SCV  
  97  15:36  SCV  
  97  15:38  Marauder  
  100  15:48  SCV, Command Center  
  101  15:52  Medivac  
  103  15:58  Terran Infantry Armor Level 3  
  103  16:00  Bunker, Marauder  
  103  16:01  Thor  
  111  16:04  SCV  
  111  16:05  SCV x2  
  114  16:16  SCV  
  115  16:22  Barracks Reactor  
  115  16:28  SCV  
  115  16:31  Thor  
  122  16:35  Marauder  
  124  16:43  Sensor Tower  
  124  16:53  Sensor Tower  
  124  16:56  Marauder  
  126  17:05  Refinery  
  126  17:06  Planetary Fortress  
  126  17:07  Refinery  
  126  17:10  SCV x2  
  126  17:11  SCV  
  129  17:18  Marauder  
  129  17:20  Siege Tank  
  135  17:22  SCV  
  135  17:23  SCV x2  
  135  17:25  Terran Vehicle And Ship Armor Level 2  
  137  17:35  Refinery, SCV x2  
  139  17:37  Refinery  
  139  17:39  Marauder, Planetary Fortress  
  141  17:58  Sensor Tower  
  141  18:00  Marauder  
  143  18:12  Command Center  
  143  18:13  Thor x2  
  154  18:22  Marauder  
  156  18:49  Missile Turret  
  148  19:09  Missile Turret  
  120  19:15  Marauder, Marine  
  120  19:16  Marine x5  
  120  19:17  Marine x3  
  78  19:23  Viking  
  77  19:30  Missile Turret  
  71  19:33  Marine  
  71  19:34  Marine x5  
  71  19:37  Marauder  
Tags
 
Composition
Carriers
League
GoldGold
Matchup
PvT
Replay Pack
Multiplayer
Spawn Locations
Cross Positions
Add a new tag
Caveats
  • Supply blocks, unpowered buildings, or Contaminate may cause inaccurate times.
  • Supply counts are checked every 10 seconds.